General information
- name: BNet
- type: Ladder team game (AT/RT)
- host: Battle.net
- saver: BashiokSucksC0k
map: GolemsInTheMist
- players: 8
- length: 42:30
- speed: Fast
- version: 1.26 W3XP
- replay type: Public
» download(247 KB)
Players
team 1 (winner)

»
Demon56 (
yellow | 45 APM | 1254 actions | 28:03)
5 Death Knight
3 Death Coil
2 Unholy Aura
4 Dreadlord
2 Vampiric Aura
2 Carrion Swarm
» actions
| Assign group hotkey | 27 | |
| Basic commands | 8 | |
| Build / train | 50 | |
| Enter build submenu | 20 | |
| Enter hero's abilities submenu | 9 | |
| Give item / drop item | 2 | |
| Remove unit from queue | 1 | |
| Right click | 665 | |
| Select / deselect | 266 | |
| Select group hotkey | 145 | |
| Use ability | 61 | |
1254 total
» units
| Acolyte | 3 | |
| Ghoul | 3 | |
| Crypt Fiend | 10 | |
| Frost Wyrm | 3 | |
19 total
» upgrades
| Creature Attack | 2 | |
| Web | 1 | |
| Burrow | 1 | |
| Creature Carapace | 2 | |
| Freezing Breath | 1 | |
7 total
» buildings
| Altar of Darkness | 1 | |
| Ziggurat | 7 | |
| Graveyard | 1 | |
| Crypt | 2 | |
| Tomb of Relics | 1 | |
| Halls of the Dead | 1 | |
| Sacrificial Pit | 1 | |
| Black Citadel | 1 | |
| Nerubian Tower | 2 | |
| Boneyard | 1 | |
| Spirit Tower | 2 | |
| Necropolis | 1 | |
21 total
» build order
00:07 Altar of Darkness
00:11 Ziggurat
00:54 Graveyard
01:01 Crypt
01:20 Ziggurat
01:40 Crypt
02:31 Tomb of Relics
02:53 Ziggurat
04:45 Halls of the Dead
07:37 Sacrificial Pit
08:38 Ziggurat
08:41 Ziggurat
11:15 Black Citadel
12:14 Nerubian Tower
12:16 Nerubian Tower
13:57 Boneyard
15:11 Ziggurat
19:18 Ziggurat
21:35 Spirit Tower
21:37 Spirit Tower
27:18 Necropolis
» items
| Scroll of Town Portal | 4 | |
| Orb of Venom | 1 | |
| Orb of Corruption | 1 | |
6 total
BashiokSucksC0k (
purple | 86 APM | 3667 actions | 42:30)
6 Blood Mage
3 Flame Strike
2 Banish
1 Summon Phoenix
5 Mountain King
3 Storm Bolt
2 Bash
» actions
| Assign group hotkey | 54 | |
| Basic commands | 268 | |
| Build / train | 130 | |
| ESC pressed | 12 | |
| Enter build submenu | 59 | |
| Enter hero's abilities submenu | 12 | |
| Give item / drop item | 1 | |
| Right click | 1421 | |
| Select / deselect | 402 | |
| Select group hotkey | 1122 | |
| Use ability | 186 | |
3667 total
» units
| Peasant | 20 | |
| Footman | 7 | |
| Goblin Shredder | 1 | |
| Dragonhawk Rider | 6 | |
| Gryphon Rider | 3 | |
| Goblin Sapper | 2 | |
39 total
» upgrades
| Masonry | 3 | |
| Swords | 3 | |
| Armor | 3 | |
| Lumber Harvesting | 2 | |
| Animal War Training | 1 | |
| Storm Hammers | 1 | |
| Cloud | 1 | |
| Backpack | 1 | |
| Magic Sentry | 1 | |
16 total
» buildings
| Altar of Kings | 1 | |
| Farm | 12 | |
| Barracks | 1 | |
| Lumber Mill | 1 | |
| Town Hall | 2 | |
| Scout Tower | 48 | |
| Arcane Vault | 2 | |
| Arcane Tower | 2 | |
| Guard Tower | 28 | |
| Keep | 1 | |
| Blacksmith | 1 | |
| Castle | 1 | |
| Gryphon Aviary | 4 | |
| Arcane Sanctum | 1 | |
105 total
» build order
00:05 Altar of Kings
00:08 Farm
00:11 Barracks
01:00 Farm
01:53 Farm
02:36 Farm
03:04 Lumber Mill
03:33 Town Hall
04:10 Scout Tower
04:49 Farm
04:56 Arcane Vault
04:59 Arcane Vault
05:18 Arcane Tower
05:21 Scout Tower
05:24 Scout Tower
05:28 Scout Tower
05:33 Scout Tower
05:34 Scout Tower
05:37 Scout Tower
05:42 Scout Tower
05:44 Scout Tower
05:58 Guard Tower
06:09 Arcane Tower
06:11 Guard Tower
06:33 Guard Tower
06:34 Guard Tower
06:34 Guard Tower
07:03 Keep
07:22 Blacksmith
07:32 Farm
09:32 Castle
10:01 Gryphon Aviary
10:02 Gryphon Aviary
10:04 Gryphon Aviary
10:13 Gryphon Aviary
12:14 Farm
12:18 Farm
12:20 Farm
12:24 Farm
12:25 Farm
13:30 Farm
13:58 Guard Tower
15:02 Scout Tower
15:04 Scout Tower
15:06 Scout Tower
15:08 Scout Tower
15:30 Guard Tower
15:31 Guard Tower
16:43 Scout Tower
16:45 Scout Tower
17:42 Guard Tower
17:44 Scout Tower
17:45 Scout Tower
18:06 Town Hall
18:08 Scout Tower
18:10 Scout Tower
18:11 Guard Tower
18:12 Guard Tower
18:38 Scout Tower
18:45 Guard Tower
18:47 Scout Tower
19:11 Guard Tower
19:37 Guard Tower
20:37 Scout Tower
20:38 Scout Tower
20:39 Scout Tower
20:40 Scout Tower
21:22 Scout Tower
21:22 Scout Tower
21:23 Scout Tower
21:24 Scout Tower
21:24 Scout Tower
21:39 Guard Tower
21:41 Guard Tower
21:57 Scout Tower
21:57 Scout Tower
21:58 Scout Tower
21:59 Scout Tower
22:01 Scout Tower
22:08 Guard Tower
22:13 Scout Tower
22:16 Scout Tower
22:17 Scout Tower
22:21 Guard Tower
22:38 Scout Tower
22:38 Scout Tower
22:39 Scout Tower
22:40 Scout Tower
22:41 Scout Tower
22:43 Guard Tower
22:43 Guard Tower
22:51 Guard Tower
23:27 Guard Tower
23:28 Guard Tower
23:30 Scout Tower
23:31 Scout Tower
23:31 Scout Tower
23:31 Scout Tower
23:34 Guard Tower
23:36 Scout Tower
24:03 Guard Tower
24:03 Guard Tower
24:09 Guard Tower
26:24 Arcane Sanctum
» items
| Scroll of Regeneration | 6 | |
| Mechanical Critter | 10 | |
| Scroll of Town Portal | 6 | |
| Orb of Fire | 2 | |
| Lesser Clarity Potion | 1 | |
| Ivory Tower | 3 | |
28 total

»
ZSoft (
orange | 30 APM | 1258 actions | 42:29)
5 Priestess of the Moon
2 Searing Arrows
3 Trueshot Aura
3 Warden
2 Shadow Strike
1 Fan of Knives
2 Keeper of the Grove
1 Thorns Aura
1 Force of Nature
» actions
| Assign group hotkey | 20 | |
| Basic commands | 11 | |
| Build / train | 78 | |
| ESC pressed | 1 | |
| Enter build submenu | 20 | |
| Enter hero's abilities submenu | 12 | |
| Give item / drop item | 1 | |
| Remove unit from queue | 4 | |
| Right click | 348 | |
| Select / deselect | 377 | |
| Select group hotkey | 329 | |
| Use ability | 57 | |
1258 total
» units
| Wisp | 15 | |
| Archer | 15 | |
| Hippogryph | 12 | |
42 total
» upgrades
| Strength of the Moon | 3 | |
| Moon Armor | 3 | |
| Improved Bows | 1 | |
| Hippogryph Taming | 1 | |
| Strength of the Wild | 3 | |
| Marksmanship | 1 | |
| Well Spring | 1 | |
| Reinforced Hides | 3 | |
16 total
» buildings
| Moon Well | 7 | |
| Altar of Elders | 4 | |
| Ancient of War | 1 | |
| Hunter's Hall | 1 | |
| Tree of Ages | 1 | |
| Ancient of Wind | 2 | |
| Tree of Eternity | 1 | |
| Ancient of Wonders | 1 | |
| Tree of Life | 4 | |
22 total
» build order
00:25 Moon Well
00:36 Altar of Elders
01:04 Moon Well
01:33 Ancient of War
02:18 Hunter's Hall
02:55 Tree of Ages
03:40 Moon Well
05:21 Ancient of Wind
07:09 Tree of Eternity
07:36 Moon Well
08:29 Ancient of Wonders
08:34 Tree of Life
10:24 Moon Well
13:43 Moon Well
17:04 Tree of Life
18:46 Ancient of Wind
19:05 Tree of Life
20:48 Moon Well
23:07 Altar of Elders
23:37 Altar of Elders
25:24 Tree of Life
27:16 Altar of Elders
» items
| Orb of Venom | 1 | |
| Scroll of Town Portal | 1 | |
2 total
MrBoJangles420 (
teal | 27 APM | 819 actions | 29:56)
3 Priestess of the Moon
2 Searing Arrows
1 Trueshot Aura
2 Warden
1 Fan of Knives
1 Shadow Strike
1 Demon Hunter
1 Mana Burn
» actions
| Build / train | 79 | |
| ESC pressed | 1 | |
| Enter build submenu | 39 | |
| Enter hero's abilities submenu | 6 | |
| Remove unit from queue | 1 | |
| Right click | 293 | |
| Select / deselect | 325 | |
| Use ability | 75 | |
819 total
» units
| Wisp | 30 | |
| Archer | 3 | |
| Huntress | 12 | |
| Hippogryph | 10 | |
55 total
» upgrades
| Strength of the Moon | 3 | |
| Moon Armor | 3 | |
| Upgrade Moon Glaive | 1 | |
| Nature's Blessing | 1 | |
| Strength of the Wild | 2 | |
| Reinforced Hides | 1 | |
11 total
» buildings
| Altar of Elders | 1 | |
| Moon Well | 9 | |
| Ancient of War | 1 | |
| Hunter's Hall | 1 | |
| Ancient Protector | 17 | |
| Tree of Ages | 1 | |
| Tree of Life | 4 | |
| Tree of Eternity | 1 | |
| Ancient of Wind | 1 | |
| Chimaera Roost | 2 | |
38 total
» build order
00:13 Altar of Elders
00:22 Moon Well
00:36 Ancient of War
01:34 Moon Well
02:14 Hunter's Hall
02:45 Moon Well
03:06 Moon Well
03:44 Ancient Protector
05:09 Tree of Ages
09:01 Tree of Life
09:11 Ancient Protector
09:16 Tree of Life
09:21 Ancient Protector
09:26 Ancient Protector
09:46 Moon Well
11:07 Tree of Life
11:19 Ancient Protector
12:26 Tree of Eternity
12:30 Ancient Protector
12:39 Ancient Protector
12:44 Ancient Protector
14:27 Ancient Protector
14:33 Ancient Protector
14:39 Ancient Protector
15:40 Ancient Protector
19:04 Ancient of Wind
19:09 Moon Well
19:15 Moon Well
19:21 Ancient Protector
20:34 Moon Well
21:19 Ancient Protector
21:22 Ancient Protector
21:27 Ancient Protector
21:33 Moon Well
21:36 Chimaera Roost
21:40 Chimaera Roost
22:04 Ancient Protector
25:05 Tree of Life
team 2 (loser)
PROFESSIONALDNA (
blue | 44 APM | 1688 actions | 37:58)
5 Death Knight
3 Death Coil
2 Unholy Aura
4 Lich
2 Frost Nova
2 Frost Armor
» actions
| Build / train | 51 | |
| Enter build submenu | 22 | |
| Enter hero's abilities submenu | 8 | |
| Give item / drop item | 2 | |
| Remove unit from queue | 1 | |
| Right click | 1190 | |
| Select / deselect | 362 | |
| Use ability | 51 | |
1688 total
» units
| Acolyte | 2 | |
| Ghoul | 2 | |
| Crypt Fiend | 8 | |
| Frost Wyrm | 8 | |
20 total
» upgrades
| Creature Attack | 1 | |
| Web | 1 | |
| Freezing Breath | 1 | |
3 total
» buildings
| Altar of Darkness | 1 | |
| Crypt | 1 | |
| Ziggurat | 8 | |
| Graveyard | 2 | |
| Tomb of Relics | 1 | |
| Halls of the Dead | 2 | |
| Black Citadel | 2 | |
| Sacrificial Pit | 2 | |
| Boneyard | 2 | |
21 total
» build order
00:40 Altar of Darkness
00:42 Crypt
00:45 Ziggurat
01:18 Graveyard
01:21 Tomb of Relics
02:18 Ziggurat
03:48 Halls of the Dead
03:48 Halls of the Dead
04:24 Ziggurat
04:27 Ziggurat
07:29 Black Citadel
07:29 Black Citadel
07:32 Sacrificial Pit
08:58 Sacrificial Pit
10:29 Boneyard
10:32 Boneyard
10:57 Ziggurat
10:59 Ziggurat
13:28 Ziggurat
15:32 Ziggurat
24:34 Graveyard
» items
| Rod of Necromancy | 1 | |
| Potion of Healing | 3 | |
| Scroll of Town Portal | 2 | |
| Orb of Corruption | 1 | |
7 total
LilSparrow (
green | 62 APM | 2633 actions | 42:29)
7 Blademaster
3 Wind Walk
3 Critical Strike
1 Bladestorm
» actions
| Assign group hotkey | 99 | |
| Basic commands | 66 | |
| Build / train | 84 | |
| Enter build submenu | 51 | |
| Enter hero's abilities submenu | 7 | |
| Give item / drop item | 5 | |
| Remove unit from queue | 2 | |
| Right click | 1187 | |
| Select / deselect | 468 | |
| Select group hotkey | 461 | |
| Use ability | 203 | |
2633 total
» units
| Peon | 10 | |
| Grunt | 4 | |
| Goblin Shredder | 1 | |
| Raider | 10 | |
| Goblin Sapper | 2 | |
| Troll Batrider | 4 | |
| Kodo Beast | 2 | |
| Wind Rider | 1 | |
| Gargoyle | 10 | |
44 total
» upgrades
| Pillage | 1 | |
| Melee Weapons | 2 | |
| Ensnare | 1 | |
| Armor | 3 | |
| Reinforced Defenses | 1 | |
| Ranged Weapons | 3 | |
| Liquid Fire | 1 | |
| Troll Regeneration | 1 | |
| Envenomed Spears | 1 | |
| War Drums Damage Increase | 1 | |
15 total
» buildings
| Orc Burrow | 5 | |
| Altar of Storms | 1 | |
| Barracks | 1 | |
| Voodoo Lounge | 1 | |
| Stronghold | 1 | |
| War Mill | 3 | |
| Beastiary | 6 | |
| Watch Tower | 52 | |
| Great Hall | 2 | |
| Fortress | 1 | |
73 total
» build order
00:28 Orc Burrow
00:53 Altar of Storms
00:54 Barracks
01:22 Orc Burrow
02:20 Voodoo Lounge
03:11 Stronghold
03:47 Orc Burrow
04:43 War Mill
06:45 Beastiary
06:45 Beastiary
07:41 Watch Tower
07:41 Watch Tower
07:42 Watch Tower
07:42 Watch Tower
08:53 Great Hall
11:44 Orc Burrow
13:09 Watch Tower
13:10 Watch Tower
13:11 Watch Tower
13:11 Watch Tower
13:12 Watch Tower
13:12 Watch Tower
13:14 Watch Tower
13:15 Watch Tower
14:06 Watch Tower
14:07 Watch Tower
14:11 Watch Tower
14:14 Watch Tower
14:44 Fortress
14:56 Great Hall
15:03 Watch Tower
15:05 Watch Tower
15:06 Watch Tower
15:10 Watch Tower
15:11 Watch Tower
15:12 Watch Tower
17:25 Beastiary
17:27 Beastiary
17:28 Beastiary
17:29 Beastiary
18:28 War Mill
19:10 War Mill
23:54 Watch Tower
23:55 Watch Tower
23:55 Watch Tower
23:56 Watch Tower
23:56 Watch Tower
23:57 Watch Tower
23:58 Watch Tower
23:59 Watch Tower
24:00 Watch Tower
24:00 Watch Tower
24:01 Watch Tower
24:01 Watch Tower
24:02 Watch Tower
24:02 Watch Tower
24:03 Watch Tower
24:03 Watch Tower
24:04 Watch Tower
24:04 Watch Tower
24:05 Watch Tower
24:05 Watch Tower
24:06 Watch Tower
24:07 Watch Tower
24:08 Watch Tower
24:08 Watch Tower
24:09 Watch Tower
24:10 Watch Tower
25:48 Orc Burrow
31:29 Watch Tower
31:29 Watch Tower
31:31 Watch Tower
31:32 Watch Tower
» items
| Healing Salve | 5 | |
| Scroll of Town Portal | 3 | |
| Lesser Clarity Potion | 3 | |
| Potion of Healing | 1 | |
| Orb of Lightning | 1 | |
13 total

»
unemployedddddd (
pink | 28 APM | 1080 actions | 39:03)
5 Lich
3 Frost Nova
2 Frost Armor
» actions
| Basic commands | 43 | |
| Build / train | 109 | |
| ESC pressed | 6 | |
| Enter build submenu | 42 | |
| Enter hero's abilities submenu | 5 | |
| Remove unit from queue | 9 | |
| Right click | 415 | |
| Select / deselect | 347 | |
| Use ability | 104 | |
1080 total
» units
| Acolyte | 24 | |
| Ghoul | 7 | |
| Crypt Fiend | 19 | |
| Obsidian Statue | 10 | |
| Meatwagon | 1 | |
| Goblin Shredder | 1 | |
| Abomination | 1 | |
| Goblin Sapper | 6 | |
| Gargoyle | 5 | |
74 total
» upgrades
| Creature Attack | 3 | |
| Creature Carapace | 3 | |
| Web | 1 | |
| Destroyer Form | 1 | |
8 total
» buildings
| Altar of Darkness | 3 | |
| Crypt | 2 | |
| Ziggurat | 16 | |
| Halls of the Dead | 3 | |
| Graveyard | 2 | |
| Tomb of Relics | 3 | |
| Black Citadel | 1 | |
| Slaughterhouse | 4 | |
| Sacrificial Pit | 1 | |
| Necropolis | 3 | |
38 total
» build order
00:09 Altar of Darkness
00:12 Crypt
00:15 Ziggurat
01:03 Ziggurat
02:57 Halls of the Dead
03:07 Graveyard
03:13 Halls of the Dead
03:22 Tomb of Relics
05:01 Ziggurat
05:07 Ziggurat
07:04 Black Citadel
07:08 Slaughterhouse
07:18 Slaughterhouse
07:29 Sacrificial Pit
08:47 Ziggurat
12:51 Ziggurat
14:30 Ziggurat
14:43 Ziggurat
23:07 Ziggurat
23:54 Necropolis
24:00 Altar of Darkness
24:29 Necropolis
25:36 Ziggurat
25:40 Ziggurat
27:40 Necropolis
27:46 Ziggurat
27:55 Altar of Darkness
28:14 Ziggurat
29:40 Ziggurat
30:20 Crypt
30:31 Graveyard
31:42 Tomb of Relics
32:46 Halls of the Dead
33:46 Ziggurat
33:49 Ziggurat
35:35 Slaughterhouse
35:39 Slaughterhouse
35:44 Tomb of Relics
» items
| Scroll of Town Portal | 3 | |
| Potion of Healing | 2 | |
| Potion of Mana | 1 | |
| Rod of Necromancy | 1 | |
7 total

»
MRomney (
red | 23 APM | 787 actions | 34:55)
5 Paladin
2 Holy Light
3 Divine Shield
» actions
| Assign group hotkey | 20 | |
| Basic commands | 4 | |
| Build / train | 88 | |
| ESC pressed | 1 | |
| Enter build submenu | 40 | |
| Enter hero's abilities submenu | 5 | |
| Remove unit from queue | 3 | |
| Right click | 217 | |
| Select / deselect | 286 | |
| Select group hotkey | 66 | |
| Use ability | 57 | |
787 total
» units
| Peasant | 20 | |
| Footman | 9 | |
| Rifleman | 6 | |
| Sorceress | 3 | |
| Priest | 3 | |
| Spell Breaker | 3 | |
| Gryphon Rider | 6 | |
| Knight | 1 | |
| Siege Engine | 3 | |
54 total
» upgrades
| Lumber Harvesting | 1 | |
| Swords | 3 | |
| Priest Training | 1 | |
| Sorceress Training | 1 | |
| Storm Hammers | 1 | |
| Animal War Training | -1 | |
| Barrage | 1 | |
| Gunpowder | 2 | |
9 total
» buildings
| Altar of Kings | 1 | |
| Farm | 12 | |
| Arcane Vault | 1 | |
| Lumber Mill | 1 | |
| Barracks | 1 | |
| Scout Tower | 13 | |
| Arcane Tower | 5 | |
| Guard Tower | 5 | |
| Keep | 1 | |
| Blacksmith | 1 | |
| Arcane Sanctum | 1 | |
| Gryphon Aviary | 1 | |
| Castle | 1 | |
| Town Hall | 2 | |
| Workshop | 1 | |
47 total
» build order
00:23 Altar of Kings
00:38 Farm
00:51 Farm
01:11 Arcane Vault
01:20 Farm
01:25 Lumber Mill
02:12 Barracks
02:24 Scout Tower
02:56 Scout Tower
02:59 Scout Tower
03:00 Arcane Tower
03:02 Scout Tower
03:04 Scout Tower
03:28 Scout Tower
03:37 Guard Tower
03:51 Guard Tower
04:26 Arcane Tower
04:27 Guard Tower
04:31 Arcane Tower
04:54 Keep
05:10 Farm
05:29 Farm
06:19 Farm
06:21 Scout Tower
06:27 Blacksmith
07:06 Scout Tower
07:08 Scout Tower
07:09 Arcane Tower
07:18 Arcane Sanctum
07:21 Gryphon Aviary
07:38 Farm
07:40 Farm
07:42 Guard Tower
08:25 Farm
08:26 Farm
09:11 Farm
09:13 Farm
09:57 Scout Tower
09:59 Scout Tower
10:17 Castle
10:43 Scout Tower
10:45 Scout Tower
10:49 Arcane Tower
11:20 Town Hall
13:17 Town Hall
13:24 Guard Tower
14:11 Workshop
» items
| Scroll of Town Portal | 2 | |
| Orb of Lightning | 1 | |
| Healing Salve | 1 | |
4 total
Chat log
(00:26 / Allies) Demon56: units?
(00:31 / Allies) BashiokSucksC0k: air you guys get ground
(00:43 / Allies) Demon56: im mass fiend stats
(00:47 / Allies) Demon56: maybe
(00:54 / Allies) BashiokSucksC0k: stats suck, get something else I got air covered
(02:15 / Allies) BashiokSucksC0k: I'm fast expoing
(02:20 / Allies) BashiokSucksC0k: I can creep it myself though
(03:53 / Allies) MrBoJangles420: im takin it
(06:23 / Allies) ZSoft: tp
(06:38 / Allies) Demon56: heklp?
(09:31 / Allies) MrBoJangles420: thanks for the giant hole
(09:36 / Allies) BashiokSucksC0k: np
(09:41 / Allies) MrBoJangles420: jackass
(10:51 / Allies) ZSoft: dangit
(10:53 / Allies) ZSoft: my shop, my items
(11:01 / All) LilSparrow: haha
(11:06 / All) LilSparrow: nice cancel
(11:36 / Allies) ZSoft: group and hit?
(12:39 / Allies) ZSoft: let's go
(12:46 / Allies) BashiokSucksC0k: check expos imo
(12:49 / All) PROFESSIONALDNA: pure
(12:50 / All) PROFESSIONALDNA: luck
(12:55 / All) PROFESSIONALDNA: but ur fucked watch yellow
(13:03 / All) Demon56: total mismanagement blue
(13:49 / All) PROFESSIONALDNA: who got
(13:59 / Allies) ZSoft: let's hit
(14:23 / Allies) ZSoft: go go go
(14:26 / Allies) ZSoft: b4 they take out a main
(15:39 / Allies) ZSoft: let's HIT PLEASE
(15:46 / Allies) ZSoft: we sit in our bases, we die
(17:36 / Allies) BashiokSucksC0k: I was trying to t ake taht
(17:40 / Allies) BashiokSucksC0k: cancel or I kill it
(17:42 / Allies) ZSoft: u already have
(17:43 / Allies) ZSoft: i lost it
(17:49 / Allies) BashiokSucksC0k: I lost it too
(17:52 / Allies) BashiokSucksC0k: I was towering it
(17:58 / Allies) ZSoft: idiot
(18:02 / Allies) ZSoft: you ALREA"DY HAVE AN EXPO
(18:25 / Allies) MrBoJangles420: where the hypps?
(18:31 / Allies) ZSoft: doesn't matter
(18:36 / Allies) ZSoft: purple's killing me
(18:44 / Allies) BashiokSucksC0k: No, I only took my expo back
(18:49 / Allies) ZSoft: it was MY EXPO idiot
(18:55 / Allies) ZSoft: i had a tree before green killed it
(18:57 / Allies) BashiokSucksC0k: I was towering it beforehand
(18:59 / Allies) BashiokSucksC0k: and wyrms killed it
(19:09 / Allies) ZSoft: share gold then
(19:21 / Allies) ZSoft: and let's hit
(19:53 / Allies) MrBoJangles420: got webs?
(19:57 / Allies) Demon56: yea
(20:28 / All) BashiokSucksC0k: was that worth the expo faggots?
(20:54 / Allies) ZSoft: more gold plz
(20:55 / Allies) ZSoft: or spend
(21:13 / Allies) BashiokSucksC0k: I am spending it, on towers
(21:23 / Allies) Demon56: lol it doesnt matter anymore oj
(23:09 / Allies) ZSoft: gold for hero plz
(23:28 / Allies) Demon56: all i got
(25:54 / Allies) ZSoft: wow?
(26:05 / Allies) ZSoft: you're taking a big risk there purp
(26:19 / Allies) BashiokSucksC0k: this is why you don't ebg for gold
(26:27 / Allies) ZSoft: i have no income
(26:31 / Allies) ZSoft: u have/had 3 mines
(26:32 / Allies) BashiokSucksC0k: I know
(26:34 / Allies) ZSoft: idiot
(26:48 / Allies) ZSoft: i want to see you lose this yet
(26:58 / Allies) ZSoft: either way, we're in this together
(27:24 / All) ZSoft: wow
(27:26 / Allies) MrBoJangles420: why you tk
(27:29 / All) ZSoft: purp is going to lose it for everyone
(27:37 / Allies) MrBoJangles420: cmon dude
(27:38 / All) BashiokSucksC0k: not for them
(27:46 / All) BashiokSucksC0k: if you weren't gold beggars
(27:49 / All) BashiokSucksC0k: maybe I wouldn't stab
(27:56 / Allies) MrBoJangles420: i didnt ask or beg for gold
(28:00 / Allies) BashiokSucksC0k: yes you did
(28:01 / All) Demon56: lol u sucked ass purp all game
(28:02 / Allies) BashiokSucksC0k: check chat
(28:06 / Allies) MrBoJangles420: lmfao you check
(28:08 / All) ZSoft: we wouldn't have to beg for gold if you didn't hoard it all
(28:09 / Allies) MrBoJangles420: i didnt ask
(28:27 / Allies) BashiokSucksC0k: you wouldn't be mad. if you didn't ask
(28:32 / Allies) MrBoJangles420: help
(28:37 / Allies) BashiokSucksC0k: omw to help
(28:38 / Allies) MrBoJangles420: im not mad
(28:40 / Allies) MrBoJangles420: and i didnt ask
(28:41 / Allies) BashiokSucksC0k: help them that is
(29:08 / Allies) MrBoJangles420: youre a fag purple
(29:10 / Allies) MrBoJangles420: grow a penis
(29:14 / Allies) MrBoJangles420: bang a few chicks
(29:16 / Allies) MrBoJangles420: get a job
(29:17 / Allies) BashiokSucksC0k: fags have penises, they are homosex
(29:21 / Allies) MrBoJangles420: move out of mommy's house
(29:31 / Allies) MrBoJangles420: bitch ass nigger
(29:37 / Allies) BashiokSucksC0k: you hate black people?
(29:42 / Allies) MrBoJangles420: no
(29:45 / Allies) MrBoJangles420: i hate niggers
(29:49 / Allies) MrBoJangles420: and youre a nigger
(29:55 / Allies) BashiokSucksC0k: join the ku klux klan, I am a klansman too
(30:50 / All) ZSoft: purp going for blue main
(31:00 / All) BashiokSucksC0k: tp plz so I can rape you
(32:33 / All) BashiokSucksC0k: lvl 3 bolt gg leave
(32:52 / All) BashiokSucksC0k: FREE XP
(32:54 / All) BashiokSucksC0k: EZ
(32:55 / All) BashiokSucksC0k: LEAVE
(33:02 / All) LilSparrow: you lost your wyrms bro to cheap dhawks
(33:04 / All) LilSparrow: you must suck
(33:18 / All) LilSparrow: what makes you so sure
(33:49 / All) BashiokSucksC0k: EXPLAIN THE RULES
(33:54 / All) BashiokSucksC0k: EVERYONE HAS AN EQUAL CHANCE OF WINNING
(33:58 / All) BashiokSucksC0k: THIS WILL BE A MEXICAN STANDOFF
(34:01 / All) BashiokSucksC0k: EVERYONE WILL GET KILLED
(34:04 / All) BashiokSucksC0k: INCLUDING OUR OWN STUFF
(34:08 / All) BashiokSucksC0k: 2 BUILDINGS WILL REMAIN
(34:11 / All) BashiokSucksC0k: LAST ONE TO LEAVE WINS
(34:15 / All) BashiokSucksC0k: OKAY? SOUND FAIR?
(34:31 / All) BashiokSucksC0k: WILL YOU ALL BE WILLING TO LEAVE YOUR COMPUTERS ON ALL NIGHT?
(35:02 / All) ZSoft: either way, i win
(35:32 / All) LilSparrow: I don't think blue saw your messages
(35:33 / All) BashiokSucksC0k: Let's do a standoff, Turncoat
(35:49 / All) LilSparrow: Talk to Purple
(35:52 / All) LilSparrow: he's my PR manager
(36:04 / All) LilSparrow: Blue talk to Purple he'll fill you in on the details
(36:28 / All) BashiokSucksC0k: We will kill everything, including our own stuff. No units will remain and 2 buildings will be the last thing left. Best
(36:30 / All) BashiokSucksC0k: internet wins.
(36:32 / All) BashiokSucksC0k: Sound fair?
(37:06 / All) PROFESSIONALDNA: dude
(37:08 / All) ZSoft: green's not killing anything
(37:10 / All) PROFESSIONALDNA: are you serious green
(37:16 / All) ZSoft: just waiting for purp to cripple himself
(37:17 / All) PROFESSIONALDNA: do you have to bs
(37:28 / All) BashiokSucksC0k: This is a Mexican standoff. Are you willing to leave your computer on all night to get the win, blue?
(37:38 / All) PROFESSIONALDNA: no man
(37:43 / All) PROFESSIONALDNA: i could give two shits
(37:46 / All) PROFESSIONALDNA: called a new account
(37:49 / All) PROFESSIONALDNA: so suck my dick bro
(38:41 / All) BashiokSucksC0k: PINK AND ORANGE, will you be willing to leave your computers on all night to get the win in a MEXICAN STANDOFF?
(39:12 / All) LilSparrow: Pink gave me his gold before he left lawl
(39:16 / All) LilSparrow: as I was killing his units
(39:21 / All) BashiokSucksC0k: Aww, no standoff
(39:25 / All) LilSparrow: welp
(39:26 / All) LilSparrow: sorry orange
(39:28 / All) LilSparrow: but thems the brekas
(39:33 / All) BashiokSucksC0k: Orange is still here, so I guess my team gets the loss
(39:43 / All) LilSparrow: "either way I win" - orange
(39:49 / All) LilSparrow: quote shall live in infamy
(40:02 / Allies) ZSoft: purp dies as well - i win
(40:09 / Allies) ZSoft: purp manages to still win - i win
(40:10 / All) BashiokSucksC0k: I am 0-0 orange, I do not care
(41:35 / All) LilSparrow: I should upload for blue
(41:40 / All) BashiokSucksC0k: Alright
(41:55 / All) BashiokSucksC0k: LAST BUILDING
(41:58 / All) BashiokSucksC0k: ANy last words, orange?
(42:18 / All) BashiokSucksC0k: ANY LAST WORDS?
(42:28 / All) BashiokSucksC0k: BYE